 Dungeon Crawl Stone Soup version 0.29-a0-923-g6e406bff71 (webtiles) character file.

Game seed: 11690655598107627096

340 2tc the Chopper (level 6, 0/44 HPs)
             Began as a Demonspawn Gladiator on July 28, 2022.
             Was a Believer of Okawaru.
             Slain by a shadow imp (2 damage)
             ... summoned by Eustachio
             ... on level 4 of the Dungeon.
             The game lasted 00:12:00 (4118 turns).

2tc the Chopper (Demonspawn Gladiator)              Turns: 4118, Time: 00:12:01

Health: 0/44       AC:  8    Str: 14    XL:     6   Next: 30%
Magic:  0/6        EV: 12    Int: 12    God:    Okawaru [**....]
Gold:   137        SH:  0    Dex: 14    Spells: 5/5 levels left

rFire   + . .      SeeInvis .   a - +0 war axe (vamp)
rCold   . . .      Faith    .   (no shield)
rNeg    . . .      Spirit   +   b - +0 leather armour
rPois   .          Reflect  .   c - +1 helmet
rElec   .          Harm     .   h - +0 cloak
rCorr   .          Rampage  .   (no gloves)
Will    .....                   (no boots)
Stlth   +.........              f - amulet of guardian spirit
HPRegen 0.14/turn               m - ring of protection from fire
MPRegen 0.10/turn               (no ring)

@: no status effects
A: icy blue scales 1, ignite blood 1, demonic touch 1
a: Renounce Religion, Heroism


You were on level 4 of the Dungeon.
You worshipped Okawaru.
Okawaru was pleased with you.
You visited 1 branch of the dungeon, and saw 4 of its levels.

You collected 137 gold pieces.

Inventory:

Hand Weapons
 a - a +0 vampiric war axe (weapon)
 l - a +0 hand axe
Missiles
 d - 4 throwing nets (quivered)
 e - a javelin
Armour
 b - a +0 leather armour (worn)
 c - a +1 helmet (worn)
 h - a +0 cloak (worn)
Jewellery
 f - an amulet of guardian spirit (around neck)
 j - a ring of fire
 m - a ring of protection from fire (left hand)
Scrolls
 g - a scroll of enchant armour
Potions
 k - a potion of lignification {unknown}
 n - 2 potions of magic
 o - a potion of flight {unknown}
 p - a potion of brilliance {unknown}


   Skills:
 - Level 2.0 Fighting
 * Level 6.5 Axes
 - Level 1.7 Throwing
 - Level 2.6 Dodging


You had 5 spell levels left.
You didn't know any spells.
Your spell library contained the following spells:

 Spells                   Type           Power      Damage    Failure   Level
 Gell's Gravitas          Tloc           0%         N/A       77%         3
 Teleport Other           Tloc           0%         N/A       77%         3
 Dispersal                Tloc           0%         N/A       100%        6
 Orb of Destruction       Conj           0%         9d5       100%        7
 Summon Guardian Golem    Hex/Summ       Unusable   N/A       N/A         3
 Spellforged Servitor     Conj/Summ      Unusable   N/A       N/A         7

Dungeon Overview and Level Annotations

Branches:
Dungeon (4/15)
 Temple: D:4-7

Altars:
Okawaru

Annotations:
D:4 1 runed translucent door, Essalna's ghost, amateur DsCj; Eustachio


Innate Abilities, Weirdness & Mutations

You are partially covered in icy blue scales. (AC +2)
Your demonic aura sometimes causes spilled blood to erupt in flames.
Your touch may inflict minor irresistible damage on your foes.


Message History

The river rat closely misses you. The ufetubus closely misses you. x2
You feel a sense of dread.
a - a +0 vampiric war axe (weapon)
The river rat closely misses you. The river rat barely misses you.
The ufetubus hits you but does no damage.
The ufetubus barely misses you.
You closely miss the river rat.
The river rat is almost dead.
You slash the bat!
You kill the bat!
The bat's corpse disappears in a puff of smoke!
You barely miss the river rat. You hit the ufetubus.
The ufetubus closely misses you. The ufetubus hits you.
* * * LOW HITPOINT WARNING * * *
The river rat bites you.
* * * LOW HITPOINT WARNING * * *
The river rat bites you but does no damage.
You slash the ufetubus!
You kill the ufetubus!
The ufetubus disappears in a puff of smoke!
You hit the river rat but do no damage. You hit the river rat.
Eustachio gestures wildly while chanting.
The river rat misses you.
The river rat bites you but does no damage.
Eustachio gestures wildly while chanting.
Eustachio blinks!
You hit the river rat.
The river rat is severely wounded.
You closely miss the shadow imp. You closely miss the river rat.
The shadow imp misses you. The river rat closely misses you.
The river rat bites you but does no damage.
You barely miss the river rat.
You touch the river rat.
You kill the river rat!
The river rat's corpse disappears in a puff of smoke!
You closely miss the river rat.
You hit the shadow imp but do no damage.
The shadow imp barely misses you. The river rat bites you!
* * * LOW HITPOINT WARNING * * *
The shadow imp hits you.
You die...

...........# #.........#..#.....
...........# #.........#..#.....
...........# #...###'###..#.....
.....5.....# #...##...##..#.....
.....{.....# #............'.....
...........# ##..##.......#.....
......5....# ##.§##.......#.....
.....<....)# #.r..........#.....
...........# #.@5.....#####.....
...........######5##...##.†#.....
................§§.#.......'.....
...................#.......#.....
##+########........#...##..#.....
#........#...##..#.....
#........#....#..#.....
.....+........#....#..#.....
....#........#....#..#.....


You could see a crimson imp (summoned), a river rat (summoned) and a shadow imp
(summoned).

Vanquished Creatures
  A scorpion (D:3)
  2 hounds (D:4)
  Terence (D:2)
  2 iguanas (D:4)
  3 gnolls (D:4)
  3 adders
  2 worms (D:3)
  2 dart slugs (D:1)
  6 orcs
  6 bats
  9 endoplasms
  2 giant cockroaches (D:2)
  8 goblins
  8 hobgoblins
  2 quokkas
  5 ball pythons
  A frilled lizard (D:1)
  8 kobolds
  8 rats
79 creatures vanquished.

Vanquished Creatures (others)
  2 withered plants (D:4)
2 creatures vanquished.

Grand Total: 81 creatures vanquished

Notes
Turn   | Place    | Note
-------+----------+-------------------------------------------
     0 | D:1      | 2tc the Demonspawn Gladiator began the quest for the Orb.
     0 | D:1      | Reached XP level 1. HP: 16/16 MP: 1/1
   311 | D:1      | Reached skill level 3 in Axes
   336 | D:1      | Found a faded altar of an unknown god.
   381 | D:1      | Gained mutation: Your demonic aura sometimes causes spilled
                  | blood to erupt in flames. [demonic ancestry]
   381 | D:1      | Reached XP level 2. HP: 14/22 MP: 2/2
   604 | D:1      | Prayed at the altar of an unknown god.
   604 | D:1      | Became a worshipper of Warmaster Okawaru
   604 | D:1      | Reached * piety under Okawaru
  1150 | D:1      | Reached XP level 3. HP: 27/27 MP: 3/3
  1512 | D:2      | Reached skill level 4 in Axes
  1702 | D:2      | Noticed Terence
  1708 | D:2      | Killed Terence
  1709 | D:2      | Gained mutation: Your touch may inflict minor irresistible
                  | damage on your foes. [demonic ancestry]
  1709 | D:2      | Reached XP level 4. HP: 28/33 MP: 4/4
  2594 | D:3      | Reached skill level 5 in Axes
  2787 | D:3      | Noticed a scorpion
  2799 | D:3      | Killed a scorpion
  2800 | D:3      | Reached XP level 5. HP: 24/38 MP: 1/5
  3291 | D:4      | Reached skill level 6 in Axes
  3293 | D:4      | Reached ** piety under Okawaru
  3478 | D:4      | Gained mutation: You are partially covered in icy blue
                  | scales. (AC +2) [demonic ancestry]
  3478 | D:4      | Reached XP level 6. HP: 44/44 MP: 4/6
  3693 | D:4      | Found a runed translucent door.
  3693 | D:4      | Noticed Essalna's ghost (amateur DsCj)
  4069 | D:4      | Noticed Eustachio
  4118 | D:4      | HP: 2/44 [river rat[Eustachio] (6)]
  4118 | D:4      | Slain by a shadow imp

Illustrated notes

Levels and vault maps discovered:
D:1:      scummos_arrival_hexagon, layout_basic,
          chequers_ecumenical_altar_island
D:2:      layout_loops_cross, hangedman_decor_peaks_small, uniq_terence
D:3:      layout_rooms, fountainhead
D:4:      layout_gridville, gammafunk_ghost_grave,
          nicolae_elevator_lobby_asterisk, uniq_eustachio

Skill      XL: |  1  2  3  4  5 |
---------------+----------------+-----
Axes           | 3 4 5 6 |  6.5
Fighting       | |  2.0
Throwing       | |  1.7
Dodging        | |  2.6

Action                   |  1- 3 |  4- 6 || total
-------------------------+-------+-------++-------
Melee: War axe           |    98 |    41 ||   139
       Dagger            |    14 |       ||    14
       Punch             |     1 |     2 ||     3
       Hand axe          |       |    94 ||    94
       Touch             |       |    20 ||    20
Invok: Heroism           |       |     1 ||     1
  Use: Scroll            |     1 |     5 ||     6
       Potion            |       |     4 ||     4
 Stab: Sleeping          |     1 |       ||     1
Armor: Leather armour    |    35 |    51 ||    86
Dodge: Dodged            |    82 |    92 ||   174

Table legend: (Time is in decaauts)
 A = Elapsed time spent in this place.
 B = Non-inter-level travel time spent in this place.
 C = Inter-level travel time spent in this place.
 D = Time resting spent in this place.
 E = Time spent auto-exploring this place.
 F = Levels seen in this place.
 G = Mean time per level.
                   A        B        C        D        E       F      G
               +--------+--------+--------+--------+--------+-----+--------+
         Total |   4166 |   4128 |     38 |    283 |   3171 |   4 | 1041.5 |
       Dungeon |   4166 |   4128 |     38 |    283 |   3171 |   4 | 1041.5 |
               +--------+--------+--------+--------+--------+-----+--------+

Top non-repeatable levels by time:
     D:1: 1538 daAuts
     D:4: 941 daAuts
     D:3: 866 daAuts
     D:2: 820 daAuts
